Unix NetHack Version 3.7.0-94 Work-in-progress - last build Dec 18 2023 00:11:04 (7e3deff068b9ef4f2ebb9a71ea0f5c4a3b578a14,branch:master). Game began 2023-12-31 13:04:47, ended 2023-12-31 16:50:30. elenmirie, lawful female human Knight ----- |...+ |..m| ############################# |.."+### ######### ------------.- -.-|-########% ------------- ......[......| #q######### #|C.........C. |.....<......| @## #### #|.....C.....| |............| ##@ ####....----- | +............| ####|...| |............| ##|..C| -------------- # ....| |...- |..... |C...... --------- Elenmirie the Bachelor St:17 Dx:11 Co:13 In:7 Wi:15 Ch:18 Lawful Dlvl:8 $:455 HP:0(58) Pw:66(66) AC:0 Xp:8/2127 T:7826 Burdened Latest messages: You see here a statue of a giant rat. You fall down the stairs. There is a staircase up to level 7 here. You see here a scale mail. You have trouble lifting o - a scale mail. You rebalance your load. Movement is difficult. What do you want to drop? [$a-hjlmorsuwxzAC-FLOPR-UZ or ?*] o You drop a scale mail. Your movements are only slowed slightly by your load. You hear a door open. You are carrying too much to get through. You stop searching. You kill the owlbear! You are carrying too much to get through. You find a hidden passage. You see here an owlbear corpse. You are carrying too much to get through. You are carrying too much to get through. You stop searching. The forest centaur misses! The forest centaur kicks! You hit the forest centaur! The forest centaur reads a scroll labeled DAIYEN FOOELS! The forest centaur vanishes! You hear a door open. You are carrying too much to get through. Pick an object. What do you want to zap? [cjlrS-U or ?*] c In what direction? l The bolt of lightning misses the mumak. What do you want to zap? [cjlrS-U or ?*] c Nothing happens. You miss the mumak. The mumak butts! The mumak bites! There is a staircase down here. You see here an oval amulet. You find a hidden door. What do you want to zap? [cjlrS-U or ?*] c Nothing happens. You hit the mumak! The Woodland-elf swings his elven broadsword. The Woodland-elf misses! The mumak butts! You die... Do you want your possessions identified? [ynq] (y) y Do you want to see your attributes? [ynq] (y) y Do you want an account of creatures vanquished? [ynaq] (y) y Do you want to see your conduct and achievements? [ynq] (y) y Do you want to see the dungeon overview? [ynq] (y) y Inventory: Coins $ - 455 gold pieces Amulets E - an uncursed amulet of reflection (being worn) Weapons a - the blessed rustproof +1 Excalibur (weapon in left hand) D - a blessed +1 long sword b - an uncursed +1 lance (alternate weapon; not wielded) Armor d - an uncursed +0 helmet (being worn) f - a blessed +0 pair of leather gloves (being worn) A - an uncursed +0 pair of speed boots (being worn) e - a blessed +0 small shield (being worn) Z - an uncursed +0 alchemy smock with text "If we weren't meant to eat animals, why are they made out of meat?" z - an uncursed +0 elven cloak (being worn) s - a blessed +0 elven mithril-coat (being worn) Comestibles m - an uncursed holy hand grenade g - 7 uncursed apples h - 8 uncursed carrots L - an uncursed tripe ration Rings C - an uncursed ring of free action R - an uncursed ring of poison resistance (on left hand) P - an uncursed ring of warning (on right hand) Wands S - a cursed wand of cancellation (0:5) j - an uncursed wand of cold (0:4) c - a blessed wand of lightning (0:0) l - an uncursed wand of magic missile (0:4) r - an uncursed wand of make invisible (0:6) U - an uncursed wand of speed monster (0:4) T - a cursed wand of teleportation (0:7) Tools w - an uncursed sack containing 32 items x - an uncursed blindfold O - an uncursed skeleton key F - an uncursed tin whistle u - an uncursed +0 unicorn horn Contents of the sack: 579 gold pieces 2 uncursed scrolls of amnesia a blessed scroll of blank paper a cursed scroll of blank paper 2 uncursed scrolls of create monster a cursed scroll of create monster a cursed scroll of earth an uncursed scroll of enchant armor an uncursed scroll of enchant weapon an uncursed scroll of genocide a blessed scroll of identify an uncursed scroll of light a cursed scroll of magic mapping 2 cursed scrolls of remove curse an uncursed potion of booze an uncursed potion of confusion a cursed potion of enlightenment a cursed potion of extra healing a blessed potion of gain level a blessed potion of healing an uncursed potion of healing a cursed potion of healing a blessed potion of monster detection an uncursed potion of monster detection 4 uncursed potions of paralysis an uncursed potion of polymorph a blessed potion of restore ability an uncursed potion of see invisible a potion of holy water an uncursed potion of water a potion of unholy water an uncursed magic marker (0:70) Elenmirie the Knight's attributes: Background: You were a Bachelor, a level 8 female human Knight. You were lawful, on a mission for Lugh who was opposed by Brigit (neutral) and Manannan Mac Lir (chaotic). You were left-handed. You were in the Dungeons of Doom, on level 8. You entered the dungeon 7826 turns ago. You had 2127 experience points, 433 more were needed to attain level 9. Basics: You had 0 out of 58 hit points. You had all 66 energy points (spell power). Your armor class was 0. Your wallet contained 455 zorkmids, and you had 579 more stashed away in your pack. Autopickup was on for '$' plus thrown. Final Characteristics: Your strength was 17 (limit:18/100). Your dexterity was 11 (limit:18). Your constitution was 13 (limit:18). Your intelligence was 7 (limit:18). Your wisdom was 15 (limit:18). Your charisma was 18 (limit:18). Final Status: You weren't hungry. You were burdened; movement was slightly slowed. You were wielding a long sword. You were skilled in long sword and could have enhanced that. Final Attributes: You were piously aligned. You were sleep resistant. You were poison resistant. You were level-drain resistant. You were telepathic. You were warned. You had automatic searching. You were stealthy. You could jump. You were guarded. You were very fast. You had reflection. You are dead (2nd time!). Miscellaneous: You encountered 1 bones level. Total elapsed playing time was 1 hour, 59 minutes and 5 seconds. Major events: Turn 1: elenmirie the lawful female human Knight entered the dungeon 1318: attained the rank of Esquire (level 3) 1343: entered the Gnomish Mines 3321: attained the rank of Bachelor (level 6) 3877: destroyed elenmirie's ghost, the former Bachelor 3879: found Excalibur on the floor 5057: averted death (killed by a gray unicorn) 6543: reached Mine Town 7826: killed by a mumak Vanquished creatures: a ghost 2 large mimics 2 small mimics 2 giant beetles 2 wolves an iron piercer a giant spider a gnome ruler an owlbear a housecat a gray unicorn a raven 2 water moccasins 4 human zombies 4 Woodland-elves a soldier ant a wood nymph a water nymph 8 Uruk-hai an orc shaman a rock mole a pony 2 fog clouds 2 shriekers 8 gnome leaders 4 gnomish wizards a ghoul 2 straw golems a paper golem 5 giant ants a little dog 3 floating eyes a dwarf a kobold shaman 7 rothes 2 giant bats 7 monkeys 3 orc zombies 2 dwarf zombies 2 wererats 7 iguanas 2 acid blobs 2 gas spores 3 hobbits 6 hobgoblins 3 giant rats a brown mold 3 yellow molds a red mold 37 gnomes 3 gnome zombies 2 geckos 8 jackals a kobold a goblin 3 sewer rats 3 grid bugs 9 lichens a kobold zombie 6 newts 196 creatures vanquished. No species were genocided or became extinct. Voluntary challenges: You read items or engraved 10 times. You never engraved Elbereth. You never genocided any monsters. You never polymorphed an object. You never changed form. You used no wishes. Achievements: You entered a shop. You attained the rank of Esquire. You entered the Gnomish Mines. You attained the rank of Bachelor. You entered Minetown. You entered a temple. The Dungeons of Doom: levels 1 to 8 Level 1: Level 2: A general store, a grave. Level 3: An armor shop, a grave. Stairs down to The Gnomish Mines. Level 4: Level 5: An altar to Lugh. Level 6: Level 7: Some fountains. Final resting place for elenmirie-Kni-Hum-Fem-Law, killed by a horse called Arod. Level 8: <- You were here. Final resting place for you, killed by a mumak. The Gnomish Mines: levels 4 to 7 Level 4: Level 5: Level 6: Level 7: Many shops, a temple and an altar, some fountains, a sink. Game over: ---------- / \ / REST \ / IN \ / PEACE \ / \ | elenmirie | | 1034 Au | | killed by a | | mumak | | | | | | 2023 | *| * * * | * _________)/\\_//(\/(/\)/\//\/|_)_______ Fare thee well elenmirie the Knight... You died in The Dungeons of Doom on dungeon level 8 with 9863 points, and 1034 pieces of gold, after 7826 moves. You were level 8 with a maximum of 58 hit points when you died.